 Dungeon Crawl Stone Soup version 0.31-a0-977-gc230f8ef24 (webtiles) character file.

Game seed: 17925574599134263310

1815 sammy202020 the Ruffian (level 8, -4/71 HPs)
             Began as a Troll Shapeshifter on Oct 30, 2023.
             Was a Follower of Hepliaklqana.
             Splashed by a jelly's acid (10 damage)
             ... on level 6 of the Dungeon.
             The game lasted 00:08:27 (4309 turns).

sammy202020 the Ruffian (Troll Shapeshifter)        Turns: 4309, Time: 00:08:27

Health: -4/71      AC: -14   Str: 22    XL:     8   Next: 85%
Magic:  0/7        EV: 11    Int:  7    God:    Hepliaklqana [*.....]
Gold:   298        SH:  0    Dex: 13    Spells: 7/7 levels left

rFire   + .          .
                       - Unarmed
rCold   . . .        (no shield)
rNeg    . . .        a - +1 animal skin
rPois   .            (helmet currently unavailable)
rElec   .            i - melded +1 cloak
rCorr   .            (gloves unavailable)
SInv    .            (boots unavailable)
Will    .....        j - amulet of guardian spirit
Stlth   +            g - ring of wizardry
HPRegen 1.11/turn    h - ring of protection from fire
MPRegen 0.10/turn

%: random rage (3%), guardian spirit, wizardry (x1)
@: beast-form, corroded, on berserk cooldown, slowed, very slow
A: beast (slay +2), reduced essence, large, unfitting armour, claws 3,
regeneration 1, shaggy fur 1, tough skin 1, agile 1, berserk 1
a: Begin Untransformation, Renounce Religion, Recall Ancestor, Ancestor Identity


You were on level 6 of the Dungeon.
You worshipped Hepliaklqana.
Hepliaklqana was aware of your devotion.
You were a hulking beast.
You visited 1 branch of the dungeon, and saw 6 of its levels.

You collected 298 gold pieces.

Inventory:

Hand Weapons
 n - a +4 quarterstaff of chaos
Missiles
 k - a throwing net
Armour
 a - a +1 animal skin (worn)
 i - a +1 cloak (melded)
Jewellery
 g - a ring of wizardry (left claw)
 h - a ring of protection from fire (right claw)
 j - an amulet of guardian spirit (around neck)
 l - an amulet of the acrobat
 m - a ring of ice
 s - an amulet of reflection
Talismans
 c - a beast talisman (active)
 d - a flux talisman
Wands
 t - a wand of iceblast (12)
Scrolls
 e - 3 scrolls of immolation
 f - a scroll of torment
 q - 3 scrolls of teleportation
 u - a scroll of identify
Potions
 b - 2 potions of lignification
 o - a potion of haste
 p - 3 potions of heal wounds
 r - a potion of invisibility


   Skills:
 * Level 4.5 Fighting
 - Level 1.3(2.1) Maces & Flails
 + Level 2.2(2.4) Staves
 + Level 2.7 Armour
 * Level 4.7 Dodging
 * Level 6.2 Unarmed Combat
 + Level 4.6 Shapeshifting


You had 7 spell levels left.
You didn't know any spells.
Your spell library contained the following spells:

 Spells                   Type           Power      Damage    Failure   Level
 Poisonous Vapours        Pois/Air       0%         N/A       26%         2
 Gell's Gravitas          Tloc           0%         N/A       45%         3
 Mephitic Cloud           Conj/Pois/Air  0%         N/A       45%         3
 Teleport Other           Tloc           0%         N/A       45%         3
 Manifold Assault         Tloc           0%         N/A       86%         4
 Freezing Cloud           Conj/Ice/Air   0%         6-21      99%         5
 Dispersal                Tloc           0%         N/A       100%        6
 Disjunction              Tloc           0%         N/A       100%        8


Dungeon Overview and Level Annotations

Branches:
Dungeon (6/15)             Temple (0/1) D:5

Altars:
Dithmenos
Hepliaklqana
Nemelex Xobeh
Wu Jian
Yredelemnul


Innate Abilities, Weirdness & Mutations

You are a hulking beast.
Your limbs bulge with bestial killing power. (Slay +2)
Your life essence is reduced to manifest your ancestor. (-10% HP)
You are too large for most types of armour.
You have claws for hands.
Your natural rate of healing is unusually fast.
You are covered in fur. (AC +1)
You have tough skin. (AC +1)
You are agile. (Dex +4, Str/Int -1)
You sometimes lose your temper in combat.


Message History

You feel yourself slow down.
Ur-Dumizida is still trapped in memory!
You closely miss the orc warrior.
The orc warrior is almost dead.
The orc warrior barely misses you.
You scratch the orc warrior. You claw the orc warrior.
You kill the orc warrior!
The orc wizard casts a spell at you. You resist with some effort.
The orc wizard misses you.
You hear some strange, mumbled words.
A puff of flame appears from out of thin air!
The puff of flame hits you. You resist.
The orc wizard hits you but does no damage.
Items here: $ ) [ †.
You claw the orc wizard!
You kill the orc wizard!
You scratch the jelly. The acid corrodes you!
Your claws burn!
The jelly is moderately wounded.
The jelly closely misses you.
Something hits you. x2; The jelly hits you.
The acid corrodes you!
You are splashed with acid.
You miss something. You claw something!
Reactivating autopickup.
You feel a bit more experienced. The jelly hits you.
You are splashed with acid!
You barely miss the jelly.
The jelly is moderately wounded.
The jelly hits you. The acid corrodes you!
You are splashed with acid.
* * * LOW HITPOINT WARNING * * *
You scratch the jelly. The acid corrodes you!
Your claws burn!
* * * LOW HITPOINT WARNING * * *
The jelly is heavily wounded.
The jelly hits you.
* * * LOW HITPOINT WARNING * * *
The acid corrodes you!
You are splashed with acid!
* * * LOW HITPOINT WARNING * * *
The jelly hits you.
* * * LOW HITPOINT WARNING * * *
You are splashed with acid!
You die...

#........#
#....)...# #'#
#.## #..# ##.##
#..## ##.J##
##)h#####
##.....#########
#####......(..#
#.........#
##........#
#........#
#........#
#........## #
####...#..###


You could see a jelly.

Vanquished Creatures
  The ghost of Doj the Cleaver, a novice MiFi (D:6)
  Grinder (D:3)
  Sigmund (D:3)
  An orc warrior (D:6)
  A sky beast (D:6)
  2 ogres
  A centaur (D:6)
  A gnoll sergeant (D:4)
  A howler monkey (D:5)
  A hound (D:6)
  Crazy Yiuf (D:3)
  2 sleepcaps
  Jessica (D:2)
  An iguana (D:4)
  2 orc wizards (D:6)
  Robin (D:3)
  8 gnolls
  9 adders
  3 shadow imps
  A worm (D:4)
  5 dart slugs
  6 orcs
  4 ball pythons
  8 endoplasms
  13 goblins
  7 hobgoblins
  A jackal (D:2)
  5 kobolds
  3 quokkas
  3 frilled lizards (D:1)
  3 rats
98 creatures vanquished.

Vanquished Creatures (collateral kills)
  2 gnolls (D:4)
  A hobgoblin (D:4)
3 creatures vanquished.

Vanquished Creatures (others)
  2 ancestors
2 creatures vanquished.

Grand Total: 103 creatures vanquished

Notes
Turn   | Place    | Note
-------+----------+-------------------------------------------
     0 | D:1      | sammy202020 the Troll Shapeshifter began the quest for the
                  | Orb.
     0 | D:1      | Reached XP level 1. HP: 18/18 MP: 0/0
   159 | D:1      | Reached skill level 1 in Fighting
   192 | D:1      | Reached XP level 2. HP: 27/27 MP: 1/1
   299 | D:1      | You fall into a shaft and drop 1 floor!
   316 | D:2      | Reached XP level 3. HP: 27/33 MP: 2/2
   558 | D:2      | Noticed Jessica
   564 | D:2      | Killed Jessica
   565 | D:2      | Reached XP level 4. HP: 42/42 MP: 3/3
   982 | D:3      | Reached XP level 5. HP: 38/49 MP: 4/4
  1038 | D:3      | Noticed Sigmund
  1045 | D:3      | Killed Sigmund
  1046 | D:3      | Reached skill level 1 in Armour
  1046 | D:3      | Reached skill level 4 in Unarmed Combat
  1046 | D:3      | Reached XP level 6. HP: 53/59 MP: 5/5
  1092 | D:3      | Found an ornate altar of the Wu Jian Council.
  1100 | D:3      | Noticed Robin
  1106 | D:3      | Killed Robin
  1120 | D:3      | Noticed Grinder
  1127 | D:3      | Paralysed by Grinder for 2 turns
  1131 | D:3      | Killed Grinder
  1132 | D:3      | Reached skill level 1 in Maces & Flails
  1196 | D:3      | Found a hazy altar of Hepliaklqana.
  1205 | D:3      | Became a worshipper of Hepliaklqana the Forgotten
  1270 | D:3      | Reached XP level 7. HP: 67/67 MP: 6/6
  1501 | D:3      | Found a runed translucent door.
  1502 | D:3      | Noticed Crazy Yiuf
  1676 | D:3      | Killed Crazy Yiuf
  2175 | D:4      | Reached * piety under Hepliaklqana
  2703 | D:4      | Reached skill level 5 in Unarmed Combat
  2706 | D:4      | HP: 3/60 [gnoll/+0 spear[a gnoll sergeant] (5)]
  2867 | D:5      | Entered Level 5 of the Dungeon
  2919 | D:5      | Reached skill level 1 in Staves
  3001 | D:5      | Found a basalt altar of Yredelemnul.
  3001 | D:5      | Found a shadowy altar of Dithmenos.
  3220 | D:5      | Found a staircase to the Ecumenical Temple.
  3676 | D:5      | Gained mutation: You sometimes lose your temper in combat.
                  | [potion of mutation]
  3676 | D:5      | Gained mutation: You are agile. (Dex +4, Str/Int -1)
                  | [potion of mutation]
  3936 | D:6      | Reached XP level 8. HP: 69/70 MP: 7/7
  3962 | D:6      | Found a sparkling altar of Nemelex Xobeh.
  4129 | D:6      | Found a runed translucent door.
  4131 | D:6      | Noticed Doj's ghost (novice MiFi)
  4148 | D:6      | Killed Doj's ghost
  4149 | D:6      | Reached skill level 6 in Unarmed Combat
  4309 | D:6      | Splashed by a jelly's acid

Illustrated notes

Levels and vault maps discovered:
D:1:      minmay_arrival_four_loops, layout_loops_ring, kennysheep_boxes
D:2:      layout_rooms, minmay_tetromino_o4, uniq_jessica
D:3:      layout_loops_ring, mainiacjoe_overflow_small_starburst,
          mainiacjoe_overflow_paths, uniq_robin, uniq_sigmund,
          uniq_crazy_yiuf_cottage, uniq_grinder
D:4:      layout_loops_cross, lightli_minifort
D:5:      layout_layer_cave, gammafunk_temple_overflow_wave,
          minmay_temple_entry_gardened_gates
D:6:      layout_basic, nemelex_xobeh_ov_fountains_minmay,
          gammafunk_ghost_grave, hex_intersection, hellmonk_no_cap

Skill      XL: |  1  2  3  4  5  6  7  8 |
---------------+-------------------------+-----
Fighting       | 1 2 3 4 |  4.5
Dodging        | 2 3 4 |  4.7
Armour         | 1 2 |  2.7
Unarmed Combat | 4 5 6 |  6.2
Maces & Flails | 1 |  1.3
Shapeshifting  | 4 |  4.6
Staves         | 1 2 |  2.2

Action                     |  1- 3 |  4- 6 |  7- 9 || total
---------------------------+-------+-------+-------++-------
  Melee: Unarmed           |    73 |    67 |   133 ||   273
         Punch             |       |       |     5 ||     5
    Use: Scroll            |       |     7 |     5 ||    12
         Potion            |       |       |     5 ||     5
   Stab: Sleeping          |       |     1 |       ||     1
 Armour: Animal skin       |    37 |    27 |   108 ||   172
  Dodge: Dodged            |    31 |    15 |    78 ||   124
   Form: Beast             |     2 |       |       ||     2
                           |     1 |       |       ||     1

Table legend: (Time is in decaauts)
 A = Elapsed time spent in this place.
 B = Non-inter-level travel time spent in this place.
 C = Inter-level travel time spent in this place.
 D = Time resting spent in this place.
 E = Time spent auto-exploring this place.
 F = Levels seen in this place.
 G = Mean time per level.
                   A        B        C        D        E       F      G
               +--------+--------+--------+--------+--------+-----+--------+
         Total |   4287 |   4204 |     83 |    433 |   2866 |   6 |  714.5 |
       Dungeon |   4287 |   4204 |     83 |    433 |   2866 |   6 |  714.5 |
               +--------+--------+--------+--------+--------+-----+--------+

Top non-repeatable levels by time:
     D:3: 1061 daAuts
     D:5: 1055 daAuts
     D:4: 894 daAuts
     D:2: 597 daAuts
     D:6: 382 daAuts
     D:1: 296 daAuts
